 Dungeon Crawl Stone Soup version 0.31-a0-187-gba352fbbf7 (webtiles) character file.

Game seed: 2244115345637326585

231 qw the Skirmisher (level 5, -2/30 HPs)
             Began as a Deep Elf Hunter on June 22, 2023.
             Slain by a lemure (6 damage)
             ... led by Pikel
             ... on level 3 of the Dungeon.
             The game lasted 00:00:52 (2391 turns).

qw the Skirmisher (Deep Elf Hunter)                 Turns: 2391, Time: 00:00:53

Health: -2/30      AC:  6    Str: 10    XL:     5   Next: 72%
Magic:  7/7        EV: 11    Int: 14    God:
Gold:   112        SH:  0    Dex: 18    Spells: 4/4 levels left

rFire   . . .        Y - +2 shortbow
rCold   . . .        (shield currently unavailable)
rNeg    . . .        h - +0 ring mail
rPois   .            (no helmet)
rElec   .            (no cloak)
rCorr   .            c - +0 pair of gloves
SInv    .            (no boots)
Will    +....        (no amulet)
Stlth   +            i - ring of willpower
HPRegen 0.25/turn    (no ring)
MPRegen 0.10/turn

%: no passive effects
@: no status effects
A: no striking features
a: no special abilities


You were on level 3 of the Dungeon.
You visited 1 branch of the dungeon, and saw 4 of its levels.

You collected 112 gold pieces.


   Skills:
 - Level 2.1 Fighting
 + Level 9.0 Ranged Weapons
 - Level 0.2 Armour
 - Level 2.4 Dodging
 - Level 1.2 Stealth


You had 4 spell levels left.
You didn't know any spells.
Your spell library was empty.

Inventory:

Hand Weapons
 Y - a +2 shortbow (weapon)
Armour
 c - a +0 pair of gloves (worn)
 h - a +0 ring mail (worn)
Jewellery
 i - a ring of willpower (left hand)
Wands
 b - a wand of digging (5)
Scrolls
 e - a scroll of identify
Potions
 d - a potion of might
 f - a potion of curing
 g - a potion of haste
 k - a potion of cancellation {unknown}
 l - a potion of magic {unknown}
 m - a potion of brilliance {unknown}

Dungeon Overview and Level Annotations

Branches:
Dungeon (4/15)
 Temple: D:4-7

Altars:
Elyvilon

Annotations:
D:4 Pikel


Message History

Enter note: You shoot an arrow.
The arrow hits the orc priest.
The orc priest is lightly wounded.
The orc priest hits you with a +0 flail.
The orc closely misses you. The orc hits you with a +0 club.
You shoot an arrow. The arrow hits the orc priest.
The orc priest is moderately wounded.
The orc priest hits you but does no damage.
The orc closely misses you. The orc hits you with a +0 club.
You shoot an arrow. The arrow hits the orc priest.
The orc priest is moderately wounded.
The orc priest barely misses you. The orc hits you with a +0 falchion.
The orc barely misses you.
You shoot an arrow. The arrow hits the orc priest.
The orc priest is severely wounded.
The orc priest calls down the wrath of Beogh upon you.
You resist with some effort. The orc hits you but does no damage.
The orc hits you with a +0 club.
You shoot an arrow.
The arrow closely misses the orc priest.
The orc priest hits you with a +0 flail.
The orc barely misses you. The orc closely misses you.
You shoot an arrow.
The arrow closely misses the orc priest.
The orc priest hits you but does no damage.
The orc hits you with a +0 falchion. The orc barely misses you.
You shoot an arrow. The arrow barely misses the orc priest.
The orc priest barely misses you. The orc hits you but does no damage.
The orc completely misses you.
You shoot an arrow. The arrow hits the orc priest.
You kill the orc priest!
The orc hits you but does no damage. The orc closely misses you.
Your Fighting skill increases to level 2!
You shoot an arrow. The arrow completely misses the orc.
The orc closely misses you. The orc hits you but does no damage. x2
You shoot an arrow. The arrow hits the orc!
You kill the orc!
The orc barely misses you. The orc hits you but does no damage.
The orc closely misses you. The orc barely misses you. The lemure hits you.
You die...

##### #.#################.#
#.[.#####)# #..#.# ##
##......#.# #..#.# #.
##...##.#.# ########..#.# #.
#....##.#.#######.........#.# #.
##.#.#..........#.######.##.###.
#.######.#####.#........##.#...
#.#......# #o#...#.......#.#.
#.##.....### #@##..#.#######.#.
#%##.......# #o5...#.#...# #.#.
#.....:....# #..#....#.#.# #.#.
#####......###..#..#...#.###.##
#........#..#..........#...
#...##...#..........<#.####
#...##...#...#.#.#.........
######...#.#.....#.#..####.
#...#......[........%.


You could see a lemure and 2 orcs.

Vanquished Creatures
  3 orc priests (D:3)
  Terence (D:2)
  3 adders
  A worm (D:2)
  2 dart slugs (D:1)
  9 orcs
  4 ball pythons (D:1)
  10 bats
  5 endoplasms
  2 giant cockroaches (D:1)
  9 goblins
  4 hobgoblins
  2 jackals (D:2)
  2 kobolds
  4 quokkas
  3 frilled lizards
  9 rats
73 creatures vanquished.

Notes
Turn   | Place    | Note
-------+----------+-------------------------------------------
     0 | D:1      | qw the Deep Elf Hunter began the quest for the Orb.
     0 | D:1      | Reached XP level 1. HP: 12/12 MP: 3/3
     0 | D:1      | 0 ||| qw: Version: 0.3-a-9-g12657ce
     0 | D:1      | 0 ||| qw: Game counter: 2530
     0 | D:1      | 0 ||| qw: Always use a shield: true
     0 | D:1      | 0 ||| qw: God list: Okawaru
     0 | D:1      | 0 ||| qw: Allow faded altars: false
     0 | D:1      | 0 ||| qw: Do Orc after D:15 true
     0 | D:1      | 0 ||| qw: Do second Lair branch before Depths: true
     0 | D:1      | 0 ||| qw: Lair rune preference: random
     0 | D:1      | 0 ||| qw: Plans: Normal
     0 | D:1      | 0 ||| PLANNING D:1-11
   173 | D:1      | Reached XP level 2. HP: 16/16 MP: 4/4
   247 | D:1      | Reached skill level 6 in Ranged Weapons
   499 | D:1      | Reached XP level 3. HP: 20/20 MP: 5/5
   695 | D:1      | 695 ||| READING scroll labelled KOLESU XYGO.
   696 | D:1      | 696 ||| READING 2 scrolls labelled KAPHAZU CAITE.
   697 | D:1      | 697 ||| READING scroll of enchant weapon.
   697 | D:1      | 697 ||| ENCHANTING +1 shortbow.
   698 | D:1      | 698 ||| DROPPING scroll of butterflies.
   735 | D:2      | Reached skill level 7 in Ranged Weapons
   825 | D:2      | Found a white marble altar of Elyvilon.
   882 | D:2      | Noticed Terence
   885 | D:2      | Killed Terence
   886 | D:2      | Reached XP level 4. HP: 25/25 MP: 6/6
  1518 | D:2      | 1518 ||| UPGRADING to +0 scale mail.
  1528 | D:2      | 1528 ||| DROPPING +0 leather armour.
  1529 | D:2      | 1529 ||| UPGRADING to ring of willpower.
  1530 | D:2      | 1530 ||| READING scroll labelled EQICVU HICYE.
  1533 | D:2      | 1533 ||| DRINKING 2 ruby potions.
  1534 | D:2      | 1534 ||| DRINKING 2 purple potions.
  1645 | D:3      | Reached skill level 8 in Ranged Weapons
  1651 | D:3      | HP: 6/25 [orc/+0 falchion (2)]
  1653 | D:3      | HP: 2/25 [orc/+0 falchion (4)]
  1658 | D:3      | Reached XP level 5. HP: 3/29 MP: 7/7
  1658 | D:3      | 1658 ||| FLEEEEING.
  1659 | D:3      | 1659 ||| FLEEEEING.
  1661 | D:3      | 1661 ||| FLEEEEING.
  1662 | D:3      | 1662 ||| FLEEEEING.
  1663 | D:3      | 1663 ||| FLEEEEING.
  1664 | D:3      | 1664 ||| STAIRDANCE
  1763 | D:2      | 1763 ||| UPGRADING to +0 pair of gloves.
  1768 | D:2      | 1768 ||| READING 2 scrolls of identify.
  1768 | D:2      | 1768 ||| IDENTIFYING metallic sapphire potion
  2097 | D:3      | Reached skill level 9 in Ranged Weapons
  2346 | D:3      | 2346 ||| UPGRADING to +0 ring mail.
  2356 | D:3      | 2356 ||| DROPPING +0 scale mail.
  2357 | D:3      | 2357 ||| READING scroll labelled BOERAI UMOO.
  2375 | D:4      | Noticed a lemure
  2375 | D:4      | Noticed a lemure
  2377 | D:4      | Noticed a lemure
  2378 | D:4      | Noticed Pikel
  2380 | D:4      | 2380 ||| STAIRDANCE
  2380 | D:4      | Noticed a lemure
  2385 | D:3      | HP: 7/29 [orc/+0 club (2)]
  2387 | D:3      | HP: 3/29 [orc/+0 falchion (3)]
  2391 | D:3      | Slain by a lemure

Levels and vault maps discovered:
D:1:      reono_arrival_mine, layout_loops_ring
D:2:      layout_basic, serial_rivers, chequers_serial_rivers_micro_b,
          chequers_serial_rivers_micro_d, chequers_serial_rivers_room_b,
          chequers_serial_rivers_micro_d, chequers_serial_rivers_large_b,
          basic_altar, amcnicky_mini_rare_corridor_liquid, uniq_terence
D:3:      layout_basic
D:4:      layout_loops_corners, kennysheep_mini, uniq_pikel,
          uniq_crazy_yiuf_cottage, uniq_grinder

Skill      XL: |  1  2  3  4  5 |
---------------+----------------+-----
Ranged Weapons | 6 7 8 9 |  9.0
Fighting       | 2 |  2.1
Armour         | |  0.2
Dodging        | |  2.4
Stealth        | |  1.2

Action                     |  1- 3 |  4- 6 || total
---------------------------+-------+-------++-------
   Fire: Shortbow          |    92 |    91 ||   183
    Use: Scroll            |     3 |     3 ||     6
         Potion            |       |     2 ||     2
 Armour: Leather armour    |    10 |       ||    10
         Scale mail        |       |    14 ||    14
         Ring mail         |       |    10 ||    10
  Dodge: Dodged            |    21 |    33 ||    54

Table legend:
 A = Non-vault XP
 B = Vault XP
 C = Vault XP percentage of total XP
 D = Non-vault monster count
 E = Vault monster count
 F = Vault count percentage of total count
                 A         B        C        D         E       F
            +---------+---------+-------+---------+---------+-------
      Total |     297 |      36 |  10.8 |      72 |       1 |   1.4
            +---------+---------+-------+---------+---------+-------
        D:1 |      46 |       0 |   0.0 |      25 |       0 |   0.0
        D:2 |      63 |      36 |  36.4 |      22 |       1 |   4.3
        D:3 |     185 |       0 |   0.0 |      24 |       0 |   0.0
        D:4 |       3 |       0 |   0.0 |       1 |       0 |   0.0
            +---------+---------+-------+---------+---------+-------
